 Dungeon Crawl Stone Soup version 0.30-b1-2-g02819fbbbe (webtiles) character file.

Game seed: 16920794580810654634

1885 LLlMATKO the Trooper (level 8, -4/74 HPs)
             Began as a Minotaur Berserker on June 30, 2023.
             Was a Priest of Trog.
             Slain by an orc priest
             ... wielding a +0 flail
              (6 damage)
             ... on level 6 of the Dungeon.
             The game lasted 00:03:54 (5100 turns).

LLlMATKO the Trooper (Minotaur Berserker)           Turns: 5100, Time: 00:03:55

Health: -4/74      AC: 12    Str: 23    XL:     8   Next: 92%
Magic:  7/7        EV: 15    Int:  4    God:    Trog [***...]
Gold:   303        SH:  0    Dex: 11    Spells: 7/7 levels left

rFire   . . .        a - +0 hand axe
rCold   . . .        (no shield)
rNeg    . . .        y - +0 chain mail
rPois   .            (helmet restricted)
rElec   .            (no cloak)
rCorr   .            o - +0 pair of gloves
SInv    .            (no boots)
Will    .....        (no amulet) Stlth
                     i - +5 ring of evasion
HPRegen 0.32/turn    (no ring)
MPRegen 0.10/turn

%: no passive effects
@: confused, on berserk cooldown, slowed, very slow
A: horns 2, retaliatory headbutt
a: Renounce Religion, Berserk, Trog's Hand


You were on level 6 of the Dungeon.
You worshipped Trog.
Trog was most pleased with you.
You visited 1 branch of the dungeon, and saw 6 of its levels.

You collected 303 gold pieces.

Inventory:

Hand Weapons
 a - a +0 hand axe (weapon)
Missiles
 b - 2 throwing nets
 c - 12 poisoned darts (quivered)
 r - 2 boomerangs
Armour
 o - a +0 pair of gloves (worn)
 y - a +0 chain mail (worn)
Jewellery
 i - a +5 ring of evasion (left hand)
Wands
 n - a wand of digging (3)
Scrolls
 d - 2 scrolls of fear {unknown}
 e - 2 scrolls of amnesia {unknown}
 f - 4 scrolls of immolation {unknown}
 g - a scroll of vulnerability {unknown}
 h - 4 scrolls of teleportation {unknown}
 j - 3 scrolls of identify {unknown}
 m - a scroll of blinking {unknown}
 p - 2 scrolls of magic mapping {unknown}
 t - a scroll of enchant weapon {unknown}
 w - a scroll of fog {unknown}
 x - a scroll of noise {unknown}
Potions
 k - 2 potions of lignification {unknown}
 l - a potion of attraction {unknown}
 q - a potion of magic {unknown}
 s - a potion of brilliance {unknown}
 u - 2 potions of curing {unknown}
 v - a potion of mutation {unknown}


   Skills:
 + Level 7.8 Fighting
 + Level 7.8 Axes
 + Level 7.3 Armour
 + Level 6.6 Dodging


You had 7 spell levels left.
You didn't know any spells.
Your spell library was empty.

Dungeon Overview and Level Annotations

Branches:
Dungeon (6/15)             Temple (0/1) D:5

Altars:
Makhleb
Qazlal
Vehumet

Shops:
D:3 ?


Innate Abilities, Weirdness & Mutations

You have a pair of horns on your head.
You reflexively headbutt those who attack you in melee.


Message History

The orc hits you with a +0 hand axe.
* * * LOW HITPOINT WARNING * * *
Something hits you.
* * * LOW HITPOINT WARNING * * *
The orc priest invokes the aid of Beogh against you.
You struggle to resist.
The orc wizard hits you with a +0 dagger.
* * * LOW HITPOINT WARNING * * *
Unknown command.
You closely miss the orc. You hit the orc priest. You barely miss something.
You hit the orc priest. You barely miss the orc wizard.
The orc priest calls upon Beogh to heal the orc priest.
The orc priest's wounds heal themselves!
Something hits you.
* * * LOW HITPOINT WARNING * * *
The orc wizard mumbles some strange words.
The orc wizard flickers and vanishes!
The orc priest hits you but does no damage.
The orc hits you but does no damage.
Unknown command.
Unknown command.
You're too confused to move!
The orc priest completely misses you. Something hits you but does no damage.
The orc priest completely misses you. Something hits you but does no damage.
The orc hits you with a +0 hand axe.
* * * LOW HITPOINT WARNING * * *
Something barely misses you. The orc hits you with a +0 hand axe.
* * * LOW HITPOINT WARNING * * *
The orc priest hits you but does no damage. x2
Something hits you.
* * * LOW HITPOINT WARNING * * *
Unknown command.
Unknown command.
Unknown command.
You hit the orc priest but do no damage.
The orc priest is heavily wounded.
You miss something.
You hit the orc priest but do no damage.
You barely miss something. You miss the orc.
The orc priest hits you with a +0 flail.
You die...

######.#
###......#
#........#
#........#
#.......##
#.......#######
#....>)))......
#[.....o{...##.
#.....{@o...+
#####..o)...#
#$......#
#..........
#####......
...... ......
...... ## ...
#.


You could see 2 orc priests and an orc.

Vanquished Creatures
  Grinder (D:5)
  Sigmund (D:6)
  An orc warrior (D:6)
  2 ice beasts
  A sky beast (D:6)
  2 black bears
  A centaur (D:6)
  A phantom (D:5)
  A kobold brigand (D:5)
  A bullfrog (D:6)
  4 scorpions
  A hound (D:6)
  2 orc priests (D:6)
  Ijyb (D:3)
  3 iguanas
  Natasha (thrice) (D:4)
  6 adders
  4 gnolls (D:4)
  4 dart slugs
  24 orcs
  An endoplasm (D:4)
  2 giant cockroaches (D:1)
  4 goblins
  6 hobgoblins
  5 jackals (D:4)
  5 quokkas
  6 ball pythons
  5 bats
  3 frilled lizards
  10 kobolds
  2 rats (D:3)
113 creatures vanquished.

Notes
Turn   | Place    | Note
-------+----------+-------------------------------------------
     0 | D:1      | LLlMATKO the Minotaur Berserker began the quest for the
                  | Orb.
     0 | D:1      | Reached XP level 1. HP: 19/19 MP: 0/0
   200 | D:1      | Reached XP level 2. HP: 24/27 MP: 1/1
   926 | D:2      | Reached XP level 3. HP: 23/33 MP: 2/2
  1190 | D:3      | Found a stormy altar of Qazlal.
  1549 | D:3      | Found Xecuryce's Magic Scroll Boutique.
  1611 | D:3      | Noticed Ijyb
  1632 | D:3      | Killed Ijyb
  1633 | D:3      | Reached XP level 4. HP: 41/41 MP: 3/3
  2049 | D:4      | Reached ** piety under Trog
  2151 | D:4      | Noticed a black bear
  2163 | D:4      | Reached XP level 5. HP: 47/47 MP: 4/4
  2163 | D:4      | Killed a black bear
  2164 | D:4      | Reached skill level 5 in Fighting
  2164 | D:4      | Reached skill level 5 in Axes
  2334 | D:4      | Reached XP level 6. HP: 54/56 MP: 5/5
  2525 | D:4      | Noticed Natasha
  2534 | D:4      | Killed Natasha
  2622 | D:4      | Noticed Natasha
  2629 | D:4      | Killed Natasha
  2698 | D:4      | Noticed Natasha
  2708 | D:4      | Killed Natasha
  3094 | D:5      | Entered Level 5 of the Dungeon
  3103 | D:5      | Found a staircase to the Ecumenical Temple.
  3207 | D:5      | Reached skill level 5 in Armour
  3251 | D:5      | Noticed Grinder
  3262 | D:5      | Killed Grinder
  3263 | D:5      | Reached XP level 7. HP: 63/63 MP: 6/6
  3391 | D:5      | Reached skill level 5 in Dodging
  4013 | D:5      | Reached XP level 8. HP: 56/71 MP: 7/7
  4328 | D:6      | Found a burning altar of Makhleb.
  4370 | D:6      | Found a radiant altar of Vehumet.
  4852 | D:6      | Noticed Sigmund
  4866 | D:6      | Killed Sigmund
  5093 | D:6      | Reached *** piety under Trog
  5099 | D:6      | HP: 2/74 [something (3)]
  5100 | D:6      | Slain by an orc priest

Illustrated notes

Levels and vault maps discovered:
D:1:      nicolae_arrival_washed_ashore, layout_rooms
D:2:      layout_rooms, roderic_roman_lattice
D:3:      layout_loops_ring, nicolae_qazlal_eye_of_the_storm, serial_shops,
          nicolae_shop_rolled_up, uniq_ijyb
D:4:      layout_rooms, uniq_natasha
D:5:      layout_basic, minmay_temple_entry_glassed_door, uniq_grinder
D:6:      layout_basic, nicolae_overflow_crystal_walls, bloody_makhleb,
          chequers_garden, uniq_sigmund

Skill      XL: |  1  2  3  4  5  6  7  8 |
---------------+-------------------------+-----
Fighting       | 4 5 6 7 |  7.8
Axes           | 4 5 6 7 |  7.8
Armour         | 3 4 5 6 7 |  7.3
Dodging        | 3 4 5 6 |  6.6

Action                     |  1- 3 |  4- 6 |  7- 9 || total
---------------------------+-------+-------+-------++-------
  Melee: Hand axe          |    92 |    74 |   138 ||   304
         Headbutt          |    11 |    14 |    20 ||    45
         Punch             |     1 |       |     1 ||     2
 Invoke: Berserk           |     2 |     3 |     2 ||     7
 Armour: Animal skin       |     6 |       |       ||     6
         Ring mail         |    23 |    26 |    29 ||    78
         Chain mail        |       |       |    23 ||    23
  Dodge: Dodged            |    64 |    54 |   109 ||   227
